 Dungeon Crawl Stone Soup version bcrawl-1.19-7-g22fd707d3b (webtiles) character file.

Game seed: 12524866240264429121

98 Mrkan the Chucker (level 4, -8/44 HPs)
             Began as a Troll Hunter on Nov 16, 2019.
             Mangled by Crazy Yiuf
             ... wielding a +2 quarterstaff of chaos
              (12 damage)
             ... on level 2 of the Dungeon.
             The game lasted 00:02:16 (1885 turns).

Mrkan the Chucker (Troll Hunter)                    Turns: 1885, Time: 00:02:17

Health: -8/44      AC:  5    Str: 20    XL:     4   Next: 44%
Magic:  3/3        EV: 10    Int:  9    God:
Gold:   38         SH:  0    Dex: 10    Spells: 3/3 levels left

rFire    . . .     SeeInvis .     - Unarmed
rCold    . . .     Gourm    +   (no shield)
rNeg     . . .     Faith    .   (armour unavailable)
rPois    .         Spirit   .   (helmet restricted)
rElec    .         Reflect  .   (no cloak)
rCorr    .         Harm     .   (gloves unavailable)
MR       .....                  (boots unavailable)
Stlth    +.........             (no amulet)
HPRegen  0.54/turn              (no ring)
MPRegen  0.08/turn              (no ring)

@: slowed, very slow
A: large, almost no armour, unfitting armour, claws 3, fast metabolism 3,
gourmand, regeneration 1, AC +5
a: no special abilities


You were on level 2 of the Dungeon.
You were completely stuffed.

You visited 1 branch of the dungeon, and saw 2 of its levels.

You collected 38 gold pieces.

Inventory:

Missiles
 b - 120 large rocks (quivered)
 c - 2 throwing nets {!f}
Jewellery
 f - a +3 ring of protection {unknown}
 h - a +1 ring of slaying {unknown}
Wands
 p - a wand of paralysis (12)
Scrolls
 a - 3 scrolls of identify {unknown}
 e - a scroll of blinking {unknown}
 g - 2 scrolls of teleportation {unknown}
 i - a scroll of remove curse {unknown}
 l - a scroll of noise {unknown}
 o - a scroll of fear {unknown}
 r - a scroll of enchant weapon {unknown}
Potions
 j - a potion of might {unknown}
 k - 4 potions of curing {unknown}
 m - a potion of haste {unknown}
 n - 2 potions of heal wounds {unknown}
Comestibles
 d - 5 rations {!d}
 q - a chunk of flesh


   Skills:
 + Level 2.5 Fighting
 - Level 3.6 Throwing
 - Level 1.5 Dodging
 - Level 0.4 Stealth
 * Level 3.3 Unarmed Combat


You had 3 spell levels left.
You didn't know any spells.
Your spell library was empty.

Dungeon Overview and Level Annotations

Branches:
Dungeon (2/12)

Altars:
Okawaru

Annotations:
D:2 Crazy Yiuf


Innate Abilities, Weirdness & Mutations

You cannot wear most types of armour.
Your thick skin is tough. (AC +5)
You are too large for most types of armour.
You have claws for hands.
Your metabolism is lightning-fast.
You like to eat raw meat.
Your natural rate of healing is unusually fast.


Message History

You barely miss Crazy Yiuf. Crazy Yiuf hits you but does no damage.
You feel as though you will be slow longer.
Crazy Yiuf hits you with a +2 quarterstaff of chaos.
Crazy Yiuf burns you.
You claw Crazy Yiuf!
Crazy Yiuf is severely wounded.
Crazy Yiuf flaps his cloak.
Crazy Yiuf hits you with a +2 quarterstaff of chaos!
You feel as though you will be slow longer.
You barely miss Crazy Yiuf.
Crazy Yiuf is severely wounded.
Crazy Yiuf misses you.
You closely miss Crazy Yiuf.
Crazy Yiuf is severely wounded.
Crazy Yiuf hits you with a +2 quarterstaff of chaos!
* * * LOW HITPOINT WARNING * * *
Crazy Yiuf burns you.
* * * LOW HITPOINT WARNING * * *
Crazy Yiuf hits you with a +2 quarterstaff of chaos!
You die...

###..# ♣....♣ #.# #....# ♣♣...♣
#.# #....# ♣♣.♣♣ #.# #....# ♣♣.♣
#.# ##### ########†..# ♣.♣♣ ##.#
#.... ...(.......# ♣♣.♣ #..#
#.### ########.### ♣.♣♣
#.####.### # #.# ##'## #.# #.....
# #.# #.@.# #.# #<.... # #.#
#.g.# #.# #>.### # #.# #)..#
#.###..### ########.### #####
#......... ...........#
#.###..##. .####.##.#### ###
#......##. .........##.#
#.###.###.....
.####.#####.########.##...##.###.
.# #.# #..................# #.


You could see Crazy Yiuf.

Vanquished Creatures
  2 adders (D:2)
  4 oozes (D:1)
  3 dart slugs
  8 bats
  7 giant cockroaches
  6 goblins
  7 hobgoblins
  5 jackals (D:1)
  A ball python (D:1)
  2 frilled lizards
  4 kobolds
  3 rats
52 creatures vanquished.

Notes
Turn   | Place    | Note
-------+----------+-------------------------------------------
     0 | D:1      | Mrkan the Troll Hunter began the quest for the Orb.
     0 | D:1      | Reached XP level 1. HP: 19/19 MP: 0/0
     2 | D:1      | Found a runed door.
   351 | D:1      | Reached skill level 1 in Unarmed Combat
   417 | D:1      | Reached XP level 2. HP: 25/28 MP: 1/1
   924 | D:1      | Reached XP level 3. HP: 35/35 MP: 2/2
  1394 | D:2      | Gained mutation: Your natural rate of healing is unusually
                  | fast. [Troll growth]
  1394 | D:2      | Reached XP level 4. HP: 44/44 MP: 3/3
  1537 | D:2      | Found an iron altar of Okawaru.
  1591 | D:2      | Found a runed door.
  1874 | D:2      | Noticed Crazy Yiuf
  1885 | D:2      | Mangled by Crazy Yiuf

Skill      XL: |  1  2  3  4 |
---------------+-------------+-----
Unarmed Combat | 1 2 3 |  3.3
Fighting       | 2 |  2.5
Throwing       | |  3.6
Dodging        | |  1.5
Stealth        | |  0.4

Action                   |  1- 3 |  4- 6 || total
-------------------------+-------+-------++-------
Melee: Unarmed           |   112 |    41 ||   153
  Eat: Chunk             |    13 |     4 ||    17
Armor: Skin              |    70 |    21 ||    91
Dodge: Dodged            |    88 |    26 ||   114
